Merlek, neutral male human Healer ------ |....| #..<.$| ####|....| ## #.....| #### -.---- ### #### # # rrr @ .## Merlek the Empiric Experience level: 3 Strength: 9 Dexterity: 11 Constitution: 15 Intelligence: 8 Wisdom: 16 Charisma: 16 Health: 0(34) Energy: 27(27) Def: 3 Gold: 128 Moves: 1385 Dungeon seed: gNPNYrPoXWkf1qho Game ID: Merlek_1685733681 Your Inventory: Coins $ - 128 gold pieces Weapons a - a +0 scalpel (weapon in hand) m - a +0 lucern hammer Armor e - an uncursed +1 pair of leather gloves (being worn) y - an uncursed +0 alchemy smock (being worn) Scrolls x - an uncursed scroll of teleportation Spellbooks z - an uncursed spellbook of cause fear Potions A - an uncursed potion of speed Wands h - a wand of sleep (0:5) q - a wand of digging (0:5) s - a wand of striking (0:6) Tools b - an uncursed stethoscope k - an uncursed lock pick I - an uncursed sack Contents of the sack: 1706 gold pieces an uncursed food ration an uncursed scroll of enchant armor a cursed scroll of enchant armor an uncursed scroll of food detection a blessed spellbook of extra healing a blessed spellbook of healing a blessed spellbook of stone to flesh an uncursed potion of blindness 3 uncursed potions of extra healing a blessed potion of healing 3 uncursed potions of healing an uncursed potion of water Spells and supernatural/magical abilities: Name Level Category Fail Memory h - healing 1 healing 0% 94% x - extra healing 3 healing 0% 94% S - stone to flesh 3 healing 4% 94% W - pray for help -- divine ? -- Your skills at the end: Fighting Skills Weapon Skills knife [Basic] Spellcasting Skills healing spells [Basic] Final Attributes: You were piously aligned. You were poison resistant. You were acid resistant. You are dead. Vanquished creatures: a shrieker a hobbit 2 giant rats a gecko 4 jackals a kobold 2 goblins 2 sewer rats 10 grid bugs 2 lichens a kobold zombie 4 newts 31 creatures vanquished. Voluntary challenges: You used a wielded weapon 41 times, starting on turn 1. You were illiterate. You never genocided any monsters. You never polymorphed an object. You never changed form. You used no wishes. You never split a pudding. You never wrote Elbereth's name. You never violated your personal moral code. Dungeon overview: The Dungeons of Doom: levels 1 to 5 Level 1 a sink a long staircase Level 2 a scroll shop, an altar to Hermes Level 3 an altar to Athena a long staircase Level 4 a fountain Level 5 <- You were here History has recorded: On T:1 you entered the Dungeons of Doom to retrieve the Amulet of Yendor! On T:42 you reached level 2 of The Dungeons of Doom. On T:680 you reached level 3 of The Dungeons of Doom. On T:876 you advanced to experience level 2. On T:1027 you reached level 4 of The Dungeons of Doom. On T:1104 you reached level 5 of The Dungeons of Doom. On T:1383 you advanced to experience level 3. Score breakdown: Gold: 268 ( 8265 points) Experience: 3 levels ( 7878 points) Exploration: 5 levels ( 9.80%) ( 8485 points) Discoveries: 2 items ( 0.68%) ( 2482 points) Valuables value: (no points given unless you survive) Artifact value: 0 ( 0 points) Variety of kills: 12 monsters ( 3.15%) ( 5324 points) Turncount: 1385 turns ( 0 points) Survival: died (score multiplied by 80%) Total score: 25947 Latest messages: The sewer rat bites! (3x) The sewer rat misses. The sewer rat bites! (2x) The sewer rat misses. The sewer rat bites! The sewer rat misses. The sewer rat bites! The sewer rat just misses! You hit the sewer rat. The sewer rat bites! You hit the sewer rat. The sewer rat bites! (4x) You kill the sewer rat! Welcome to experience level 3. The sewer rat bites! (2x) You miss the sewer rat. The sewer rat misses. The sewer rat bites! (2x) You miss the sewer rat. The sewer rat just misses! The sewer rat bites! You die... Final status: Goodbye Merlek the Healer, killed by a sewer rat... You died in The Dungeons of Doom on dungeon level 5 with 25947 points, and 1834 pieces of gold, after 1385 moves. You were level 3 with a maximum of 34 hit points when you died.